 Dungeon Crawl Stone Soup version 0.19-a0-1720-gc855d72 (webtiles) character file.

4673 kae the Carver (level 10, -3/84 HPs)
             Began as a Formicid Fighter on Sept 29, 2016.
             Was a Follower of Makhleb.
             Slain by Urug
             ... wielding a +4 war axe of flaming
              (21 damage)
             ... on level 11 of the Dungeon.
             The game lasted 00:12:26 (10319 turns).

kae the Carver (Formicid Fighter)                  Turns: 10319, Time: 00:12:26

Health: -3/84      AC:  8    Str: 29    XL:     10   Next: 71%
Magic:  10/10      EV:  8    Int:  8    God:    Makhleb [*.....]
Gold:   640        SH: 10    Dex: 10    Spells: 0 memorised, 9 levels left

rFire  . . .     SeeInvis +     G - +2 falchion (elec)
rCold  + . .     Gourm    .     b - +1 scale mail
rNeg   . . .     Faith    .     c - +0 shield
rPois  .         Spirit   .     (helmet unavailable)
rElec  .         Dismiss  .     (no cloak)
rCorr  .         Reflect  .     (no gloves)
MR     +....     Harm     .     (no boots)
Stlth  ..........               (no amulet)
                                q - ring of protection from cold
                                i - ring of flight

@: mighty, lethally poisoned (-3 -> -4)
A: permanent stasis, dig shafts and tunnels, four strong arms, antennae 3
a: Dig, Shaft Self, Renounce Religion, Evoke Flight


You were on level 11 of the Dungeon.
You worshipped Makhleb.
Makhleb was aware of your devotion.
You were not hungry.

You visited 2 branches of the dungeon, and saw 11 of its levels.
You also visited: Sewer.

You collected 640 gold pieces.

Inventory:

Hand Weapons
 a - a +1 long sword
 G - a +2 falchion of electrocution (weapon)
Armour
 b - a +1 scale mail (worn)
 c - a +0 shield (worn)
Jewellery
 i - a ring of flight (left hand)
 j - a +2 ring of intelligence
 q - a ring of protection from cold (right hand)
 x - the ring of Shaolin {EV+8}
   (You found it on level 8 of the Dungeon)

   [ring of evasion]

   It affects your evasion (+8).
Wands
 s - a wand of lightning (2/15)
 y - a wand of confusion (16/48)
 z - a wand of acid (1/15)
 B - a wand of digging (6/24)
Scrolls
 e - a scroll of magic mapping
 m - 4 scrolls of identify
 p - a scroll of enchant armour
 v - 4 scrolls of remove curse
 A - a scroll of fear
 F - 2 scrolls of amnesia
Potions
 d - a potion of might
 h - 4 potions of degeneration
 n - 9 potions of curing
 o - 3 potions of brilliance
 r - 4 potions of flight
 w - 2 potions of mutation
 C - a potion of haste {unknown}
 E - a potion of beneficial mutation {unknown}
Comestibles
 f - 4 bread rations
 g - 2 slices of pizza
 k - 4 meat rations
 l - 6 fruits
 t - 2 beef jerkies
 u - 2 royal jellies


   Skills:
 + Level 9.6 Fighting
 * Level 12.4 Long Blades
 - Level 3.2 Armour
 - Level 3.6 Shields


You had 9 spell levels left.
You didn't know any spells.

Dungeon Overview and Level Annotations

Branches:
Dungeon (9/15)             Temple (1/1) D:6
   Lair: D:8-11         Orc: D:9-12

Altars:
Ashenzari
Cheibriados
Dithmenos
Elyvilon
Fedhas
Gozag
Hepliaklqana
Kikubaaqudgha
Makhleb
Nemelex Xobeh
Okawaru
Qazlal
Ru
Sif Muna
Trog
Uskayaw
Vehumet
Xom
Yredelemnul
Zin
The Shining One
Beogh

Annotations:
D:11 Urug


Innate Abilities, Weirdness & Mutations

You are under a permanent stasis effect.
You can dig through walls and to a lower floor.
Your four strong arms can wield two-handed weapons with a shield.
You have a pair of large antennae on your head. (SInv)


Message History

Urug is moderately wounded.
Urug barely misses you.
You riposte.
You slash Urug!
Urug is moderately wounded.
You hit Urug.
There is a sudden explosion of sparks!
Urug is severely wounded.
You feel sick.
You slice Urug!!
Urug is almost dead.
Urug hits you with a war axe of flaming!!
Urug burns you!
* * * LOW HITPOINT WARNING * * *
You closely miss Urug.
Urug is almost dead.
You block Urug's attack.
You barely miss Urug.
Urug is almost dead.
You closely miss Urug.
Urug is almost dead.
Urug hits you with a war axe of flaming!!
You die...

##{#.#.....#..#
#.###......#..#
##.###.....#..#
##.##....##{.#
##.##....##..#
##.###....{o..#
#.## #........#
#o## #........#
##@###........##
##.##.........#
#(##.........#
##############


You could see Urug.

Vanquished Creatures
  Pikel (D:8)
  Joseph (D:7)
  A hippogriff (D:8)
  Sigmund (D:6)
  A yak (D:9)
  A human (D:8)
  Menkaure (D:4)
  A water moccasin (D:8)
  Duvessa (D:7)
  An orc warrior (D:9)
  3 sky beasts
  2 slaves (D:8)
  An ice beast (D:7)
  3 ogres
  A centaur (D:6)
  A crocodile (D:8)
  2 big kobolds (Sewer)
  4 bullfrogs
  A wyvern zombie (D:8)
  A scorpion (D:5)
  Dowan (D:7)
  4 killer bees
  5 howler monkeys
  2 bullfrog zombies
  A crimson imp (D:8)
  A centaur skeleton (D:4)
  3 hounds
  A jelly (D:5)
  5 orc priests
  2 bullfrog skeletons (D:5)
  2 iguanas
  8 orc wizards
  4 worker ants
  2 hound skeletons
  2 worker ant zombies
  8 adders
  4 gnolls
  3 river rats (D:4)
  4 oozes
  2 adder zombies
  2 dart slugs
  2 leopard geckos
  35 orcs
  6 ball pythons
  9 giant cockroaches
  18 goblins
  9 hobgoblins
  4 jackals (D:1)
  5 quokkas
  13 bats
  6 frilled lizards
  18 kobolds
  A leopard gecko zombie (D:8)
  11 rats
  A spectral orc (D:7)
233 creatures vanquished.

Notes
Turn   | Place    | Note
-------+----------+-------------------------------------------
     0 | D:1      | kae the Formicid Fighter began the quest for the Orb.
     0 | D:1      | Reached XP level 1. HP: 18/18 MP: 1/1
    56 | D:1      | Reached XP level 2. HP: 22/24 MP: 2/2
    98 | D:1      | Reached skill level 3 in Long Blades
   111 | D:1      | Reached XP level 3. HP: 18/29 MP: 3/3
   666 | D:2      | Reached XP level 4. HP: 32/35 MP: 4/4
   673 | D:2      | Reached skill level 4 in Long Blades
  1130 | D:1      | Reached XP level 5. HP: 11/41 MP: 5/5
  1451 | D:2      | Reached skill level 5 in Long Blades
  2020 | D:3      | Reached XP level 6. HP: 43/47 MP: 6/6
  2159 | D:3      | Reached skill level 6 in Long Blades
  2951 | D:4      | Found a glowing drain.
  2968 | D:4      | Reached XP level 7. HP: 39/55 MP: 7/7
  3033 | Sewer    | Entered a sewer
  3641 | D:4      | Reached skill level 7 in Long Blades
  3676 | D:4      | Noticed Menkaure
  3687 | D:4      | Killed Menkaure
  3687 | D:4      | Reached skill level 5 in Fighting
  3896 | D:4      | Found a roughly hewn altar of Beogh.
  3901 | D:4      | Reached XP level 8. HP: 51/62 MP: 8/8
  4322 | D:5      | Entered Level 5 of the Dungeon
  4740 | D:5      | Reached skill level 8 in Long Blades
  5406 | D:6      | Noticed Sigmund
  5413 | D:6      | Killed Sigmund
  5413 | D:6      | Reached skill level 9 in Long Blades
  5504 | D:6      | Found a staircase to the Ecumenical Temple.
  5531 | D:6      | Reached XP level 9. HP: 64/71 MP: 9/9
  5549 | Temple   | Entered the Ecumenical Temple
  5680 | Temple   | Became a worshipper of Makhleb the Destroyer
  6333 | D:7      | Noticed Duvessa
  6333 | D:7      | Noticed Dowan
  6353 | D:6      | Reached skill level 10 in Long Blades
  6464 | D:7      | Noticed Joseph
  7026 | D:7      | Killed Dowan
  7078 | D:7      | Reached * piety under Makhleb
  7118 | D:7      | Killed Joseph
  7385 | D:7      | Reached skill level 11 in Long Blades
  7441 | D:7      | Reached XP level 10. HP: 67/80 MP: 10/10
  7570 | D:7      | Found an ancient bone altar of Kikubaaqudgha.
  7632 | D:7      | Found a glowing golden altar of the Shining One.
  7818 | D:7      | Killed Duvessa
  7977 | D:7      | Found a basalt altar of Yredelemnul.
  8072 | D:7      | Found a bloodstained altar of Trog.
  8075 | D:7      | Found a sparkling altar of Nemelex Xobeh.
  8078 | D:7      | Found a deep blue altar of Sif Muna.
  8614 | D:8      | Noticed Pikel
  8631 | D:8      | Killed Pikel
  8631 | D:8      | Reached skill level 12 in Long Blades
  9975 | D:9      | You fall through a shaft for 2 floors!
 10284 | D:11     | Noticed Urug
 10319 | D:11     | Slain by Urug

Vault maps used:
D:1:      minmay_arrival_wavy_path
D:3:      first_bread, corner_web_ring
D:4:      portal_sewer_entry_b, kennysheep_orc_chapel, uniq_menkaure
D:5:      minmay_ogre_servants
D:6:      uniq_sigmund
D:7:      tso_oasis_becter, yredelemnul_forgotten_temple_becter,
          grunt_temple_overflow_diamond, kennysheep_mini_moat, dk_vineyard_2,
          uniq_joseph, uniq_duvessa
D:8:      uniq_pikel
D:9:      grunt_livestock
D:11:     grunt_lair_entry_orc_guard_hut, uniq_erica, uniq_sonja, uniq_urug
Temple:   eino_wide_crystal_templ
Sewer:    kennysheep_pipe_town

Skill      XL: |  1  2  3  4  5  6  7  8  9 10 |
---------------+-------------------------------+-----
Long Blades    | 3 4 5 6 7 9 11 12 | 12.4
Fighting       | 4 5 6 8 9 |  9.6
Armour         | |  3.2
Shields        | |  3.6

Action                   |  1- 3 |  4- 6 |  7- 9 | 10-12 || total
-------------------------+-------+-------+-------+-------++-------
Melee: Long sword        |   143 |   257 |   507 |   165 ||  1072
       Falchion          |       |       |       |    37 ||    37
 Abil: Dig               |     1 |     1 |     5 |     6 ||    13
       Shaft Self        |       |       |       |     1 ||     1
Evoke: Wand              |       |       |       |     5 ||     5
  Use: Scroll            |     1 |     6 |     3 |     6 ||    16
       Potion            |       |       |     4 |     1 ||     5
 Stab: Distracted        |       |       |       |     1 ||     1
  Eat: Chunk             |       |     6 |    17 |     9 ||    32
       Fruit             |       |       |     1 |       ||     1
       Bread ration      |       |       |       |     1 ||     1
Armor: Scale mail        |    57 |   105 |   152 |    41 ||   355
Dodge: Dodged            |    49 |    70 |   133 |    28 ||   280
Block: Shield            |    60 |   125 |   212 |    61 ||   458
